 Dungeon Crawl Stone Soup version 0.30.0-3-ga4e48a9924 (webtiles) character file.

Game seed: 7787310399629413649

47 Farfigtubin the Caller (level 3, -9/19 HPs)
             Began as a Tengu Summoner on May 8, 2023.
             Killed from afar by Sigmund (20 damage)
             ... with a bolt of dispelling energy
             ... on level 2 of the Dungeon.
             The game lasted 00:11:37 (1018 turns).

Farfigtubin the Caller (Tengu Summoner)             Turns: 1018, Time: 00:11:37

Health: -9/19      AC:  2    Str:  8    XL:     3   Next: 70%
Magic:  7/7        EV: 12    Int: 21    God:
Gold:   16         SH:  0    Dex: 16    Spells: 4/7 levels left

rFire   . . .        a - +3 dagger
rCold   . . .        i - +0 buckler
rNeg    . . .        f - +0 robe
rPois   .            (helmet restricted)
rElec   .            (no cloak)
rCorr   .            (no gloves)
SInv    .            (boots unavailable)
Will    .....        g - amulet of magic regeneration
Stlth   +            j - +6 ring of intelligence
HPRegen 0.23/turn    (no ring)
MPRegen 0.50/turn

%: no passive effects
@: confused
A: beak, talons 3
a: no special abilities


You were on level 2 of the Dungeon.
You visited 1 branch of the dungeon, and saw 2 of its levels.

You collected 16 gold pieces.

Inventory:

Hand Weapons
 a - a +3 dagger (weapon)
 b - a +0 sling
Missiles
 e - 5 stones
Armour
 f - a +0 robe (worn)
 i - a +0 buckler (worn)
Magical Staves
 k - a staff of conjuration
Jewellery
 g - an amulet of magic regeneration (around neck)
 j - a +6 ring of intelligence (left hand)
Scrolls
 c - a scroll of noise {unknown}
Potions
 d - a potion of magic
 h - a potion of heal wounds


   Skills:
 + Level 0.7 Short Blades
 - Level 2.3 Dodging
 - Level 2.2 Stealth
 + Level 2.5 Spellcasting
 * Level 5.6 Summonings


You had 4 spell levels left.
You knew the following spells:

 Your Spells              Type           Power      Damage    Failure   Level
a - Summon Small Mammal   Summ           100%       N/A       2%          1
b - Call Imp              Summ           52%        N/A       3%          2

Your spell library contained the following spells:

 Spells                   Type           Power      Damage    Failure   Level
 Call Canine Familiar     Summ           26%        N/A       7%          3
 Summon Guardian Golem    Hex/Summ       14%        N/A       22%         3
 Summon Lightning Spire   Summ/Air       14%        N/A       56%         4


Dungeon Overview and Level Annotations

Branches:
Dungeon (2/15)

Altars:

Annotations:
D:2 Jessica, Robin, Sigmund


Innate Abilities, Weirdness & Mutations

You have a beak for a mouth.
You have claws for feet.


Message History

You barely miss the hobgoblin. You claw the hobgoblin. You peck the hobgoblin.
The hobgoblin is almost dead.
The hobgoblin hits you but does no damage.
The hobgoblin hits you.
Casting: Summon Small Mammal (safe; 2% risk of failure)
Press: ? - help, Q - select action, (/) - cycle Dir - look around, f - activate The hobgoblin misses you.
The hobgoblin hits you.
* * * LOW HITPOINT WARNING * * *
You hit the hobgoblin.
You kill the hobgoblin!
Your bat barely misses the hobgoblin.
The hobgoblin closely misses you.
You hit the hobgoblin. You claw the hobgoblin.
The hobgoblin is almost dead.
The hobgoblin barely misses you.
Your bat hits the hobgoblin but does no damage.
You barely miss the hobgoblin.
The hobgoblin is almost dead.
Your bat hits the hobgoblin.
The hobgoblin dies!
You start resting.
Your bat disappears in a puff of smoke!
HP restored.
There is a stone staircase leading down here.
You climb downwards.
Level annotation: Jessica, Robin, Sigmund Sigmund points at you and mumbles some strange words.
You are confused.
There is a stone staircase leading up here.
You're too confused to cast spells.
It was a potion of heal wounds.
You feel much better. Sigmund hits you with a +0 scythe!
You puncture Sigmund! You claw Sigmund, but do no damage.
You peck Sigmund, but do no damage.
Sigmund is moderately wounded.
Sigmund asks, "Do you like me?"
Sigmund zaps a wand.
The bolt of dispelling energy hits you!!
Your magical effects are unravelling.
Ouch! That really hurt!
You die...

###############
#..............
#..............
#...@..........
#....@.........
#..............
#########....#.
....# ....#
...# ...#


You could see Sigmund.

Vanquished Creatures
  4 dart slugs (D:1)
  3 endoplasms (D:1)
  2 giant cockroaches (D:1)
  3 goblins (D:1)
  A hobgoblin (D:1)
  6 jackals (D:1)
  A kobold (D:1)
  A quokka (D:1)
  A ball python (D:1)
  3 bats (D:1)
  2 frilled lizards
  4 rats
31 creatures vanquished.

Vanquished Creatures (collateral kills)
  A goblin (D:1)
  A hobgoblin (D:1)
  A jackal (D:1)
  A frilled lizard (D:1)
4 creatures vanquished.

Vanquished Creatures (others)
  A rat (D:1)
1 creature vanquished.

Grand Total: 36 creatures vanquished

Notes
Turn   | Place    | Note
-------+----------+-------------------------------------------
     0 | D:1      | Farfigtubin the Tengu Summoner began the quest for the Orb.
     0 | D:1      | Reached XP level 1. HP: 10/10 MP: 4/4
    71 | D:1      | Reached skill level 5 in Summonings
   102 | D:1      | Reached XP level 2. HP: 15/15 MP: 6/6
   313 | D:1      | Reached XP level 3. HP: 19/19 MP: 7/7
   319 | D:1      | Learned a level 2 spell: Call Imp
   750 | D:2      | Noticed Sigmund
   801 | D:2      | Noticed Robin
   882 | D:2      | Noticed Jessica
  1018 | D:2      | Killed from afar by Sigmund

Illustrated notes

Levels and vault maps discovered:
D:1:      elethiomel_arrival_quiet, layout_rooms, chequers_avenue
D:2:      minmay_angry_zag, layout_basic, fountainhead, uniq_sigmund,
          uniq_robin, uniq_jessica

Skill      XL: |  1 |
---------------+----+-----
Summonings     | 5 |  5.6
Short Blades   | |  0.7
Dodging        | |  2.3
Stealth        | |  2.2
Spellcasting   | |  2.5

Action                     || total
---------------------------++-------
  Melee: Dagger            ||    24
         Kick              ||     9
         Peck              ||     5
   Fire: Sling             ||    77
   Cast: Summon Small Mamm ||    11
    Use: Potion            ||     1
 Armour: Robe              ||    11
  Dodge: Dodged            ||    50
  Block: Buckler           ||     3
